 Dungeon Crawl Stone Soup version 0.28.0-45-g0d030f2227 (webtiles) character file.

Game seed: 5184315461576647320

168 101zpm the Magician (level 5, -8/35 HPs)
             Began as a Djinni Ice Elementalist on Apr 17, 2022.
             Mangled by a yak (13 damage)
             ... on level 5 of the Dungeon.
             The game lasted 00:07:43 (3961 turns).

101zpm the Magician (Djinni Ice Elementalist)       Turns: 3961, Time: 00:07:44

Health: -8/35      AC:  3    Str: 13    XL:     5   Next: 77%
Gold:   145        EV: 12    Int: 19    God:
                   SH:  0    Dex: 13

rFire   + + .      SeeInvis .   (no weapon)
rCold   x . .      Faith    .   (no shield)
rNeg    . . .      Spirit   .   a - +0 robe
rPois   ∞          Reflect  .   (no helmet)
rElec   .          Harm     .   r - +0 cloak
rCorr   .          Rampage  .   (no gloves)
Will    .....                   (boots unavailable)
Stlth   ++........              (no amulet)
HPRegen 0.11/turn               f - +6 ring of strength
MPRegen 0.00/turn               (no ring)

@: freezing walls, flying
A: sickness immunity, fire resistance 2, cold vulnerability 1, float, innate
caster, HP casting, extra vitality 1
a: no special abilities


You were on level 5 of the Dungeon.
You visited 1 branch of the dungeon, and saw 5 of its levels.

You collected 145 gold pieces.

Inventory:

Missiles
 j - 202 stones
Armour
 a - a +0 robe (worn)
 k - +0 fire dragon scales
 q - a scarf of invisibility
 r - a +0 cloak (worn)
Jewellery
 f - a +6 ring of strength (left hand)
Scrolls
 b - 2 scrolls of enchant weapon {unknown}
 c - 3 scrolls of identify {unknown}
 d - a scroll of magic mapping {unknown}
 l - 2 scrolls of teleportation {unknown}
 m - a scroll of holy word {unknown}
 n - a scroll of amnesia {unknown}
 p - a scroll of fear {unknown}
Potions
 e - a potion of brilliance {unknown}
 g - a potion of might {unknown}
 h - 2 potions of mutation {unknown}
 i - a potion of curing {unknown}
 o - 3 potions of attraction {unknown}
 s - 2 potions of degeneration {unknown}
 t - a potion of flight {unknown}


   Skills:
 + Level 0.1 Fighting
 + Level 2.7 Dodging
 + Level 1.7 Stealth
 + Level 5.0 Spellcasting


You couldn't memorise any spells.
You knew the following spells:

 Your Spells              Type           Power      Damage    Failure   Level
a - Freeze                Ice            92%        1d10      1%          1
b - Frozen Ramparts       Ice            46%        1d6       4%          3
c - Ozocubu's Armour      Ice            23%        N/A       4%          3
d - Hailstorm             Conj/Ice       23%        3d7       16%         4
e - Slow                  Hex            92%        N/A       1%          1
f - Static Discharge      Conj/Air       23%        N/A       2%          2
Your spell library was empty.

Dungeon Overview and Level Annotations

Branches:
Dungeon (5/15)
 Temple: D:4-7

Altars:


Innate Abilities, Weirdness & Mutations

You are immune to sickness and miasma.
You are immune to poison.
Your flesh is very heat resistant. (rF++)
You are vulnerable to cold. (rC-)
You float through the air rather than walking.
You learn spells naturally, not from books.
Your magical power is your life essence.
You have superior vitality. (+4 MHP)


Message History

A yak comes into view.
Casting: Frozen Ramparts (dangerous; 4% risk of failure)
Confirm with . or Enter, or press ? or * to list all spells.
Aiming: Slow (safe; 1% risk of failure)
Press: ? - help, Shift-Dir - straight line, f - yak
Aim: a yak (chance to affect: 62%)
The yak resists with significant effort.
The yak bellows!
Casting: Slow (safe; 1% risk of failure)
Confirm with . or Enter, or press ? or * to list all spells.
Aiming: Slow (safe; 1% risk of failure)
Press: ? - help, Shift-Dir - straight line, p - yak The yak seems to slow down.
A yak comes into view.
An orc comes into view. It is wielding a +0 whip.
A yak comes into view. x2
Casting: Slow (safe; 1% risk of failure)
Confirm with . or Enter, or press ? or * to list all spells.
Aiming: Slow (safe; 1% risk of failure)
Press: ? - help, Shift-Dir - straight line The yak seems to slow down.
The frozen ramparts melt away.
Casting: Slow (safe; 1% risk of failure)
Confirm with . or Enter, or press ? or * to list all spells.
Casting: Frozen Ramparts (dangerous; 4% risk of failure)
Press: ? - help, Dir - look around, f - activate The walls around you are covered in ice.
* * * LOW HITPOINT WARNING * * *
The wall freezes the yak!
The wall freezes the yak.
Casting: Frozen Ramparts (dangerous; 4% risk of failure)
Confirm with . or Enter, or press ? or * to list all spells.
The yak is struck by an arc of lightning.
The yak is lightly wounded.
You are struck by an arc of lightning.
* * * LOW HITPOINT WARNING * * *
The lightning grounds out.
* * * LOW HITPOINT WARNING * * *
The wall freezes the yak!
The yak gores you!
You die...

#####......#
#...'......#######
#.###.............
#.# #.............
#.# #.............
#.# #.............
#.# #......)#####
#.# #.......# #.#
#.....@.#
#.######+##Y#
#.....<#.##Y#
########...Y####.##
###.Yo......
#......o..
#.........
#....o....
#.........


You could see 4 yaks and an orc (slow).

Vanquished Creatures
  2 orc wizards (D:5)
  A hound skeleton (D:5)
  3 adders
  3 dart slugs
  2 orcs
  4 endoplasms
  12 giant cockroaches
  6 goblins
  4 hobgoblins
  3 jackals (D:2)
  8 quokkas
  4 ball pythons
  3 bats
  2 frilled lizards
  4 kobolds
  2 rats
63 creatures vanquished.

Notes
Turn   | Place    | Note
-------+----------+-------------------------------------------
     0 | D:1      | 101zpm the Djinni Ice Elementalist began the quest for the
                  | Orb.
     0 | D:1      | Reached XP level 1. HP: 15/15 MP: 0/0
    64 | D:2      | Reached XP level 2. HP: 8/21 MP: 0/0
   731 | D:2      | Reached XP level 3. HP: 23/25 MP: 0/0
   731 | D:2      | Learned a level 1 spell: Slow
   868 | D:2      | Reached skill level 4 in Spellcasting
  1402 | D:3      | Reached XP level 4. HP: 28/31 MP: 0/0
  2972 | D:1      | Reached XP level 5. HP: 34/35 MP: 0/0
  2972 | D:1      | Learned a level 2 spell: Static Discharge
  3169 | D:1      | Found a faded altar of an unknown god.
  3734 | D:5      | Entered Level 5 of the Dungeon
  3946 | D:5      | Reached skill level 5 in Spellcasting
  3950 | D:5      | Noticed a yak
  3951 | D:5      | Noticed a yak
  3953 | D:5      | Noticed a yak
  3954 | D:5      | Noticed a yak
  3955 | D:5      | Noticed a yak
  3961 | D:5      | Mangled by a yak

Illustrated notes

Levels and vault maps discovered:
D:1:      dpeg_arrival_pits, layout_basic,
          dreamdust_ecumenical_altar_angels_and_demons, minmay_misc_feat_alley
D:2:      minmay_roachtagon, layout_basic, grunt_ministairs_12,
          minmay_surrounded
D:3:      layout_rooms, minmay_goblin_outpost
D:4:      layout_gridville, temple_green, grunt_decor_mini_mirrors, uniq_natasha
D:5:      layout_basic, mainiacjoe_overflow_paths, uniq_pikel

Skill      XL: |  1  2  3  4  5 |
---------------+----------------+-----
Spellcasting   | 4 5 |  5.0
Fighting       | |  0.1
Dodging        | |  2.7
Stealth        | |  1.7

Action                   |  1- 3 |  4- 6 || total
-------------------------+-------+-------++-------
Melee: Unarmed           |     1 |     3 ||     4
 Cast: Freeze            |    36 |    56 ||    92
       Slow              |       |     9 ||     9
       Static Discharge  |       |     6 ||     6
       Frozen Ramparts   |       |     5 ||     5
       Ozocubu's Armour  |       |     1 ||     1
Armor: Robe              |     3 |     8 ||    11
Dodge: Dodged            |    20 |    28 ||    48
